[Event "29. Klatovy A 2023"]
[Site "Klatovy"]
[Date "2023.07.02"]
[Round "2.9"]
[White "Honcharov, Makar"]
[Black "Soural, Jan"]
[Result "1/2-1/2"]
[ECO "B76"]
[WhiteElo "1696"]
[BlackElo "2176"]
[PlyCount "60"]
[EventDate "2023.07.01"]
[EventType "swiss"]
[EventRounds "9"]
[EventCountry "CZE"]
[TimeControl "120+30"]

1. e4 c5 2. Nf3 d6 3. d4 cxd4 4. Nxd4 Nf6 5. Nc3 g6 6. Be3 Bg7 7. f3 O-O 8. Qd2 Nc6 9. g4 Be6 10. Nxe6 fxe6 11. Nb5 d5 12. g5 Nh5 13. O-O-O a6 14. exd5 axb5 15. dxc6 Rxa2 16. Qxd8 Ra1+ 17. Kd2 Rxd1+ 18. Kxd1 Rxd8+ 19. Bd3 bxc6 20. b3 Be5 21. Ke2 Nf4+ 22. Bxf4 Bxf4 23. h4 Ra8 24. Kf2 Ra2 25. Re1 Kf7 26. Re4 e5 27. Re2 Ra1 28. Kg2 Ke6 29. Be4 Kd6 30. c4 bxc4 1/2-1/2

[Event "29. Klatovy A 2023"]
[Site "Klatovy"]
[Date "2023.07.02"]
[Round "2.10"]
[White "Straka, Vojtech"]
[Black "Kroulik, Vaclav"]
[Result "1-0"]
[ECO "A35"]
[WhiteElo "2433"]
[BlackElo "1750"]
[PlyCount "103"]
[EventDate "2023.07.01"]
[EventType "swiss"]
[EventRounds "9"]
[EventCountry "CZE"]
[TimeControl "120+30"]

1. c4 c5 2. Nf3 Nc6 3. Nc3 e5 4. g3 g6 5. h4 h5 6. d3 Bg7 7. Bg5 f6 8. Be3 Nd4 9. Bg2 Ne7 10. a3 Nef5 11. Bd2 d6 12. e3 Nc6 13. Rb1 a5 14. O-O O-O 15. Nd5 Be6 16. Ne1 Nfe7 17. Nc2 Bg4 18. Qe1 Bf5 19. e4 Be6 20. f4 f5 21. Qe2 fxe4 22. Bxe4 Nf5 23. Qg2 Kh7 24. Rbe1 Bxd5 25. cxd5 Ncd4 26. Nxd4 Nxd4 27. Be3 exf4 28. Bxf4 Qd7 29. Kh2 Rae8 30. Rf2 b5 31. Ref1 b4 32. axb4 axb4 33. Qh3 Qxh3+ 34. Kxh3 Nf5 35. Ra1 Ra8 36. Rxa8 Rxa8 37. Bxf5 gxf5 38. Bxd6 Rd8 39. Bxc5 Rxd5 40. Bxb4 Rxd3 41. Rxf5 Kg6 42. Rg5+ Kh6 43. Rb5 Kg6 44. Bc3 Bxc3 45. Rb3 Rd2 46. bxc3 Rc2 47. Rb6+ Kf5 48. Rh6 Rxc3 49. Rxh5+ Kg6 50. Ra5 Rc4 51. Ra6+ Kh5 52. g4+ 1-0

[Event "29. Klatovy A 2023"]
[Site "Klatovy"]
[Date "2023.07.02"]
[Round "2.11"]
[White "Hosnedl, Jiri"]
[Black "Neuman, Petr"]
[Result "0-1"]
[ECO "E62"]
[WhiteElo "1858"]
[BlackElo "2398"]
[PlyCount "112"]
[EventDate "2023.07.01"]
[EventType "swiss"]
[EventRounds "9"]
[EventCountry "CZE"]
[TimeControl "120+30"]

1. d4 d6 2. Nf3 Nf6 3. c4 g6 4. g3 Bg7 5. Bg2 O-O 6. O-O c6 7. Nc3 Qa5 8. a3 Qh5 9. h4 e5 10. dxe5 dxe5 11. Ng5 Na6 12. Nge4 Nxe4 13. Nxe4 h6 14. b4 Bg4 15. f3 Be6 16. Qe1 f5 17. Nd6 e4 18. Rb1 g5 19. hxg5 hxg5 20. Bb2 Bxb2 21. Rxb2 Qh8 22. Qd2 f4 23. fxe4 Qe5 24. gxf4 gxf4 25. Rb3 Rf6 26. Rd3 Raf8 27. Kf2 Rg6 28. Bf3 b6 29. Ke1 c5 30. b5 Nb8 31. Kd1 Qa1+ 32. Qc1 Qxc1+ 33. Kxc1 Nd7 34. Rfd1 Ne5 35. R3d2 Rg5 36. Kb1 Bxc4 37. Nxc4 Nxc4 38. Rd3 Ne5 39. Rd5 Re8 40. Rd8 Kf7 41. Rxe8 Kxe8 42. Rh1 Rg3 43. Rh8+ Ke7 44. Rh7+ Kd6 45. Rh6+ Rg6 46. Rh7 c4 47. Rxa7 Kc5 48. Re7 Kd4 49. Kc2 Nxf3 50. exf3 Rg2+ 51. Kd1 Kc3 52. Rd7 Kb2 53. Rd4 c3 54. Rb4+ Kxa3 55. Rd4 Kb3 56. Rd3 Kb2 0-1

[Event "29. Klatovy A 2023"]
[Site "Klatovy"]
[Date "2023.07.02"]
[Round "2.12"]
[White "Jurek, Josef"]
[Black "Martirosyan, David"]
[Result "1-0"]
[ECO "A13"]
[WhiteElo "2251"]
[BlackElo "1908"]
[PlyCount "49"]
[EventDate "2023.07.01"]
[EventType "swiss"]
[EventRounds "9"]
[EventCountry "CZE"]
[TimeControl "120+30"]

1. c4 e6 2. g3 d5 3. Bg2 dxc4 4. Qa4+ Nd7 5. Qxc4 a6 6. Qc2 Ra7 7. Nf3 c5 8. d3 b5 9. a4 Qb6 10. O-O Bb7 11. Bf4 Ra8 12. axb5 axb5 13. Rxa8+ Bxa8 14. Na3 Ngf6 15. Qb3 Bc6 16. Ne5 Nxe5 17. Bxe5 Nd5 18. Nc4 Qd8 19. Ra1 bxc4 20. dxc4 Ne7 21. Bxc6+ Nxc6 22. Qb5 Qd7 23. Ra8+ Nd8 24. Bc7 Qxb5 25. Rxd8+ 1-0

[Event "29. Klatovy A 2023"]
[Site "Klatovy"]
[Date "2023.07.02"]
[Round "2.13"]
[White "Kopta, Pavel"]
[Black "Novak, Vaclav2"]
[Result "1/2-1/2"]
[ECO "D36"]
[WhiteElo "2209"]
[BlackElo "1948"]
[PlyCount "99"]
[EventDate "2023.07.01"]
[EventType "swiss"]
[EventRounds "9"]
[EventCountry "CZE"]
[TimeControl "120+30"]

1. d4 d5 2. c4 e6 3. Nc3 Nf6 4. Bg5 Nbd7 5. cxd5 exd5 6. e3 Be7 7. Bd3 O-O 8. Qc2 h6 9. Bh4 c6 10. Nge2 Re8 11. O-O Nh5 12. Bxe7 Qxe7 13. Rab1 a5 14. Na4 Nhf6 15. Rfc1 Qd6 16. Ng3 Ng4 17. Re1 b5 18. Nc3 Ndf6 19. Nf1 h5 20. f3 Nh6 21. Rbc1 Bd7 22. Ne2 Re7 23. Qc5 Qxc5 24. Rxc5 Rae8 25. Nc1 g5 26. Nb3 Ra8 27. Kf2 g4 28. Re2 Be8 29. Rec2 Rb7 30. Nfd2 a4 31. Nc1 Kg7 32. b4 Re7 33. a3 Bd7 34. e4 gxf3 35. gxf3 Rae8 36. Ne2 dxe4 37. Rg5+ Kf8 38. Nxe4 Nxe4+ 39. Bxe4 Rxe4 40. fxe4 Rxe4 41. Kf3 Re6 42. Nf4 Rf6 43. Rf2 Ng4 44. Rd2 Nh6 45. Ke3 Nf5+ 46. Kd3 Nd6 47. Rf2 Bf5+ 48. Ke2 Bg4+ 49. Kd3 Bf5+ 50. Ke2 1/2-1/2

[Event "29. Klatovy A 2023"]
[Site "Klatovy"]
[Date "2023.07.02"]
[Round "2.14"]
[White "Flajsman, Pavel"]
[Black "Kucera, Petr2"]
[Result "1-0"]
[ECO "A15"]
[WhiteElo "2192"]
[BlackElo "1935"]
[PlyCount "83"]
[EventDate "2023.07.01"]
[EventType "swiss"]
[EventRounds "9"]
[EventCountry "CZE"]
[TimeControl "120+30"]

1. Nf3 Nf6 2. c4 e6 3. g3 b6 4. Bg2 Bb7 5. O-O h5 6. h4 Ng4 7. d4 Be7 8. d5 e5 9. Qc2 d6 10. Nc3 Nd7 11. Bg5 Ndf6 12. b4 a5 13. a3 Nh7 14. Ne4 f5 15. Bxe7 Qxe7 16. Neg5 e4 17. Qa4+ Kd8 18. Ne6+ Kc8 19. Nfd4 axb4 20. Qxb4 Qf6 21. Nb5 g5 22. Nbxc7 gxh4 23. Nxa8 Bxa8 24. Qxd6 Qe5 25. Qxe5 Nxe5 26. Rac1 Kd7 27. Nd4 Rf8 28. Bh3 Kd6 29. c5+ bxc5 30. Nxf5+ Kxd5 31. Rfd1+ Kc6 32. Nd4+ Kb6 33. Rb1+ Ka6 34. Ne6 Rg8 35. Nxc5+ Ka7 36. Rd6 Bc6 37. Rxc6 Nxc6 38. Rb7+ Ka8 39. Rxh7 hxg3 40. Bg2 gxf2+ 41. Kxf2 e3+ 42. Kf1 1-0

[Event "29. Klatovy A 2023"]
[Site "Klatovy"]
[Date "2023.07.02"]
[Round "2.15"]
[White "Roubal, Matyas"]
[Black "Kupsa, Matej 2001"]
[Result "1/2-1/2"]
[ECO "C02"]
[WhiteElo "1886"]
[BlackElo "2145"]
[PlyCount "81"]
[EventDate "2023.07.01"]
[EventType "swiss"]
[EventRounds "9"]
[EventCountry "CZE"]
[TimeControl "120+30"]

1. e4 e6 2. d4 d5 3. e5 c5 4. c3 Qb6 5. Nf3 Nc6 6. Na3 cxd4 7. cxd4 Bb4+ 8. Bd2 Nge7 9. Nb5 Bxd2+ 10. Qxd2 O-O 11. Nd6 f6 12. Bd3 fxe5 13. Nxc8 Raxc8 14. dxe5 Qb4 15. Rd1 Qg4 16. Qg5 h5 17. O-O Qxg5 18. Nxg5 Nxe5 19. Nxe6 Rf6 20. Nd4 N7c6 21. Be2 g6 22. f4 Nc4 23. Nc2 Rd8 24. Rxd5 Nxb2 25. Rxd8+ Nxd8 26. Rb1 Na4 27. Rd1 Nc6 28. g3 Nb6 29. Ne3 Kf7 30. f5 Ne5 31. fxg6+ Kxg6 32. Ng2 Kh6 33. Nf4 h4 34. Kg2 Nbc4 35. Rd4 Ne3+ 36. Kh3 hxg3 37. hxg3 Ng6 38. Nxg6 Kxg6 39. Rd7 Kg5 40. Rg7+ Rg6 41. Rxg6+ 1/2-1/2

[Event "29. Klatovy A 2023"]
[Site "Klatovy"]
[Date "2023.07.02"]
[Round "2.16"]
[White "Mametev, Artem"]
[Black "Folk, Petr"]
[Result "1/2-1/2"]
[ECO "B33"]
[WhiteElo "1991"]
[BlackElo "2135"]
[PlyCount "136"]
[EventDate "2023.07.01"]
[EventType "swiss"]
[EventRounds "9"]
[EventCountry "CZE"]
[TimeControl "120+30"]

1. e4 c5 2. Nf3 Nc6 3. d4 cxd4 4. Nxd4 Nf6 5. Nc3 e5 6. Ndb5 d6 7. Bg5 a6 8. Na3 b5 9. Nd5 Be7 10. Bxf6 Bxf6 11. c4 b4 12. Nc2 a5 13. Qf3 Be6 14. Rd1 a4 15. b3 axb3 16. axb3 Ra2 17. Qd3 O-O 18. Be2 Bg5 19. O-O Qa5 20. Ra1 Nd4 21. Ndxb4 Nxe2+ 22. Qxe2 Qxb4 23. Rxa2 Qxb3 24. Ra3 Qxc4 25. Qxc4 Bxc4 26. Rd1 Rb8 27. Ne3 Bxe3 28. Rxe3 Kf8 29. h4 Ke7 30. Rc3 Rb4 31. Ra1 Ke6 32. Ra8 g6 33. h5 gxh5 34. Rh8 Be2 35. f3 Kf6 36. Rxh7 Kg6 37. Rh8 Rd4 38. Rcc8 d5 39. Rcg8+ Kf6 40. Rh6+ Ke7 41. Rxh5 Rxe4 42. Rgg5 f6 43. fxe4 fxg5 44. Rxg5 Kf6 45. Rf5+ Ke6 46. Rf2 Bg4 47. exd5+ Kxd5 48. Rd2+ Ke4 49. Kf2 Kf4 50. Rd8 Ke4 51. Kg3 Be2 52. Kh4 Ke3 53. g4 e4 54. g5 Kf2 55. Rf8+ Kg2 56. g6 e3 57. Re8 Kf2 58. Rf8+ Kg2 59. g7 Bc4 60. Re8 Kf2 61. Rf8+ Kg2 62. g8=Q+ Bxg8 63. Rxg8+ Kf2 64. Rf8+ Kg2 65. Rg8+ Kf2 66. Kh3 e2 67. Rg2+ Kf1 68. Rxe2 Kxe2 1/2-1/2

[Event "29. Klatovy A 2023"]
[Site "Klatovy"]
[Date "2023.07.02"]
[Round "2.17"]
[White "Munk, Petr"]
[Black "Kishore, Kumar Jaganathan"]
[Result "1-0"]
[ECO "B90"]
[WhiteElo "2096"]
[BlackElo "1860"]
[PlyCount "95"]
[EventDate "2023.07.01"]
[EventType "swiss"]
[EventRounds "9"]
[EventCountry "CZE"]
[TimeControl "120+30"]

1. e4 c5 2. Nf3 d6 3. d4 cxd4 4. Nxd4 Nf6 5. Nc3 a6 6. Be3 e5 7. Nb3 Be6 8. f3 Be7 9. Qd2 O-O 10. O-O-O Nbd7 11. Nd5 Bxd5 12. exd5 a5 13. a4 Qc7 14. g4 Rfc8 15. Qf2 Nc5 16. Nxc5 dxc5 17. c4 Ra6 18. Bd3 Rb6 19. Bf5 Re8 20. Qc2 g6 21. Be4 Qd7 22. g5 Nxe4 23. fxe4 Rb4 24. d6 Qe6 25. Rd5 Bxd6 26. Rhd1 Be7 27. Bd2 Rb6 28. Qc3 Bf8 29. Qxa5 Ra6 30. Qb5 Rea8 31. a5 b6 32. Bc3 Qg4 33. Rxe5 Rxa5 34. Qd7 Ra1+ 35. Kc2 Qe2+ 36. Rd2 Qxc4 37. Re8 b5 38. Qd8 Qa4+ 39. b3 Ra2+ 40. Bb2 Rxb2+ 41. Kxb2 Qa1+ 42. Kc2 Rxd8 43. Rdxd8 Qg7 44. e5 h6 45. h4 hxg5 46. hxg5 b4 47. Kd3 f5 48. exf6 1-0

[Event "29. Klatovy A 2023"]
[Site "Klatovy"]
[Date "2023.07.02"]
[Round "2.18"]
[White "Pirklova, Hana"]
[Black "Benes, Jachym"]
[Result "1-0"]
[ECO "C02"]
[WhiteElo "2085"]
[BlackElo "1806"]
[PlyCount "63"]
[EventDate "2023.07.01"]
[EventType "swiss"]
[EventRounds "9"]
[EventCountry "CZE"]
[TimeControl "120+30"]

1. e4 e6 2. d4 d5 3. e5 c5 4. c3 Nc6 5. Nf3 Qb6 6. a3 c4 7. Be2 Bd7 8. O-O f6 9. exf6 gxf6 10. Nbd2 Bd6 11. b3 cxb3 12. Nxb3 Nge7 13. c4 dxc4 14. Bxc4 O-O-O 15. Qe2 e5 16. d5 Nd4 17. Nfxd4 exd4 18. Bd2 Be5 19. Rac1 Kb8 20. Ba5 Qd6 21. Bb4 Bxh2+ 22. Kh1 Qf4 23. Qh5 Bg4 24. Qxh2 Qxh2+ 25. Kxh2 Nxd5 26. Bxd5 Rxd5 27. f3 Bd7 28. Nc5 Bb5 29. Rfd1 Re8 30. Ne4 Re6 31. Rc5 Rxc5 32. Nxc5 1-0

[Event "29. Klatovy A 2023"]
[Site "Klatovy"]
[Date "2023.07.03"]
[Round "3.1"]
[White "Vorisek, Jaroslav"]
[Black "Hurdzan, Tomas"]
[Result "1-0"]
[ECO "E67"]
[WhiteElo "2260"]
[BlackElo "2309"]
[PlyCount "69"]
[EventDate "2023.07.01"]
[EventType "swiss"]
[EventRounds "9"]
[EventCountry "CZE"]
[TimeControl "120+30"]

1. d4 Nf6 2. Nf3 g6 3. g3 Bg7 4. Bg2 O-O 5. c4 d6 6. O-O Nbd7 7. Qc2 e5 8. Rd1 Qe7 9. Nc3 Re8 10. b3 exd4 11. Nxd4 Nc5 12. Bb2 c6 13. Re1 Nfe4 14. Nd1 h5 15. f3 Nf6 16. e4 h4 17. g4 Nh7 18. Nf2 Ng5 19. f4 Nge6 20. Nf5 gxf5 21. exf5 Qf8 22. fxe6 fxe6 23. Bxg7 Qxg7 24. Rad1 Rf8 25. Rxd6 Rxf4 26. Rd8+ Rf8 27. Rxf8+ Kxf8 28. Qd2 Ke7 29. Qe3 Na6 30. Qh3 Qh8 31. Qd3 Bd7 32. Rd1 Rd8 33. Qd6+ Kf7 34. Ne4 Kg6 35. Qe7 1-0

[Event "29. Klatovy A 2023"]
[Site "Klatovy"]
[Date "2023.07.03"]
[Round "3.2"]
[White "Slovak, Kilian"]
[Black "Dvorak, Jan"]
[Result "1-0"]
[ECO "C10"]
[WhiteElo "2297"]
[BlackElo "2176"]
[PlyCount "129"]
[EventDate "2023.07.01"]
[EventType "swiss"]
[EventRounds "9"]
[EventCountry "CZE"]
[TimeControl "120+30"]

1. e4 e6 2. d4 d5 3. Nc3 dxe4 4. Nxe4 Bd7 5. Nf3 Bc6 6. Bd3 Nd7 7. Qe2 Ngf6 8. Nxf6+ Nxf6 9. O-O Bxf3 10. Qxf3 c6 11. c3 Qd5 12. Qxd5 Nxd5 13. Re1 O-O-O 14. Bg5 Be7 15. Bxe7 Nxe7 16. Be4 Rd7 17. f4 g6 18. Kf2 Nd5 19. g3 Kc7 20. Bf3 Rhd8 21. Re2 b6 22. Rd1 Nf6 23. Red2 Nd5 24. Ke2 Rd6 25. Kd3 Rg8 26. c4 Nf6 27. Kc3 Rgd8 28. b4 b5 29. c5 Nd5+ 30. Bxd5 Rxd5 31. a4 bxa4 32. Ra1 a6 33. Rxa4 Kb7 34. Ra1 R5d7 35. g4 Rd5 36. Rf1 Re8 37. Rd3 h5 38. f5 exf5 39. gxh5 gxh5 40. Rdf3 Re4 41. Rxf5 Rdxd4 42. Rxf7+ Kc8 43. Rf8+ Kd7 44. Rb8 Rf4 45. Rb7+ Ke6 46. Re1+ Kf6 47. Re8 Rh4 48. Rc8 Ke5 49. Re8+ Kf6 50. Rf8+ Ke6 51. Rf2 a5 52. Re2+ Kf6 53. bxa5 Rc4+ 54. Kb3 Rxc5 55. Ra2 Re5 56. Rb4 Rh3+ 57. Ka4 Rd3 58. Rc2 c5 59. Rbc4 Rd4 60. Kb5 Rd1 61. Rxc5 Rb1+ 62. Ka6 h4 63. Rxe5 Kxe5 64. Rc4 h3 65. Rc3 1-0

[Event "29. Klatovy A 2023"]
[Site "Klatovy"]
[Date "2023.07.03"]
[Round "3.3"]
[White "Jun, Rudolf"]
[Black "Horak, Martin"]
[Result "1/2-1/2"]
[ECO "B40"]
[WhiteElo "2223"]
[BlackElo "2266"]
[PlyCount "43"]
[EventDate "2023.07.01"]
[EventType "swiss"]
[EventRounds "9"]
[EventCountry "CZE"]
[TimeControl "120+30"]

1. e4 c5 2. Nf3 e6 3. c4 Nc6 4. Nc3 Nd4 5. Be2 Ne7 6. O-O Nec6 7. Nb5 Nxf3+ 8. Bxf3 Be7 9. d3 a6 10. Na3 Bf6 11. Nc2 O-O 12. Rb1 Nd4 13. Be3 Nxf3+ 14. Qxf3 Qc7 15. Qg3 d6 16. b4 b6 17. Rfc1 Rd8 18. d4 cxd4 19. Nxd4 Bb7 20. f3 Rac8 21. Qf2 Qd7 22. b5 1/2-1/2

[Event "29. Klatovy A 2023"]
[Site "Klatovy"]
[Date "2023.07.03"]
[Round "3.4"]
[White "Soural, Jan"]
[Black "Straka, Vojtech"]
[Result "1/2-1/2"]
[ECO "A11"]
[WhiteElo "2176"]
[BlackElo "2433"]
[PlyCount "46"]
[EventDate "2023.07.01"]
[EventType "swiss"]
[EventRounds "9"]
[EventCountry "CZE"]
[TimeControl "120+30"]

1. c4 c6 2. Nf3 d5 3. e3 Nf6 4. Nc3 e6 5. Qc2 Bd6 6. b3 O-O 7. Bb2 e5 8. cxd5 cxd5 9. Nb5 Nc6 10. Nxd6 Qxd6 11. Rc1 Bg4 12. Be2 Rac8 13. Qd1 e4 14. Nd4 Nxd4 15. Bxg4 Nxg4 16. Bxd4 Nxh2 17. Rc3 g6 18. Qc2 Rxc3 19. Qxc3 Re8 20. Bh8 f6 21. Qxf6 Qxf6 22. Bxf6 Ng4 23. Bd4 Ne5 1/2-1/2

[Event "29. Klatovy A 2023"]
[Site "Klatovy"]
[Date "2023.07.03"]
[Round "3.5"]
[White "Neuman, Petr"]
[Black "Munk, Petr"]
[Result "1-0"]
[ECO "B23"]
[WhiteElo "2398"]
[BlackElo "2096"]
[PlyCount "65"]
[EventDate "2023.07.01"]
[EventType "swiss"]
[EventRounds "9"]
[EventCountry "CZE"]
[TimeControl "120+30"]

1. e4 c5 2. Nc3 Nc6 3. Bb5 Nd4 4. Bc4 g6 5. Nf3 Bg7 6. Nxd4 cxd4 7. Qf3 Nf6 8. Ne2 Qc7 9. d3 Qc5 10. c3 d5 11. exd5 Bg4 12. Qf4 Bxe2 13. cxd4 Qb6 14. Kxe2 Rd8 15. Re1 Nxd5 16. Qf3 e6 17. Bg5 Rd7 18. Kf1 O-O 19. Re2 Bxd4 20. h4 Qd6 21. g3 a6 22. h5 b5 23. Bb3 a5 24. a3 a4 25. Ba2 Ne7 26. hxg6 hxg6 27. Rae1 Kg7 28. Kg2 Qc6 29. Re4 Bxb2 30. Bxe6 Rxd3 31. Qxd3 f5 32. Bxe7 Re8 33. Qd7 1-0

[Event "29. Klatovy A 2023"]
[Site "Klatovy"]
[Date "2023.07.03"]
[Round "3.6"]
[White "Pirklova, Hana"]
[Black "Jurek, Josef"]
[Result "0-1"]
[ECO "B43"]
[WhiteElo "2085"]
[BlackElo "2251"]
[PlyCount "66"]
[EventDate "2023.07.01"]
[EventType "swiss"]
[EventRounds "9"]
[EventCountry "CZE"]
[TimeControl "120+30"]

1. e4 c5 2. Nf3 e6 3. d4 cxd4 4. Nxd4 a6 5. Nc3 b5 6. Be2 Bb7 7. Bf3 Qc7 8. O-O d6 9. a3 Nd7 10. g4 Be7 11. Bg2 g5 12. Bxg5 Bxg5 13. Ndxb5 axb5 14. Nxb5 Qb6 15. Nxd6+ Ke7 16. Nxb7 e5 17. b4 Qxb7 18. c4 Ngf6 19. c5 Qc6 20. h4 Bxh4 21. f4 h6 22. Qe2 Rhg8 23. g5 hxg5 24. fxe5 Nxe5 25. Rf5 Bg3 26. Raf1 Nfg4 27. Bh3 Bh2+ 28. Kg2 Bf4 29. Bxg4 Nxg4 30. Qxg4 Qxe4+ 31. Rf3 Rxa3 32. Re5+ Qxe5 33. Rxa3 Qb2+ 0-1

[Event "29. Klatovy A 2023"]
[Site "Klatovy"]
[Date "2023.07.03"]
[Round "3.7"]
[White "Formanek, Martin"]
[Black "Filindash, Nikita"]
[Result "0-1"]
[ECO "C00"]
[WhiteElo "2206"]
[BlackElo "2011"]
[PlyCount "74"]
[EventDate "2023.07.01"]
[EventType "swiss"]
[EventRounds "9"]
[EventCountry "CZE"]
[TimeControl "120+30"]

1. Nf3 d5 2. g3 Nf6 3. Bg2 e6 4. O-O c5 5. d3 Nc6 6. Nbd2 Be7 7. e4 O-O 8. Re1 Qc7 9. c3 b5 10. e5 Nd7 11. Qe2 a5 12. h4 Bb7 13. Nf1 Rfc8 14. N1h2 Qd8 15. h5 h6 16. Ng4 Qf8 17. Bf4 a4 18. Rac1 Nb6 19. Qd2 Kh8 20. Ngh2 Kh7 21. Bh3 Nd8 22. Qe2 a3 23. b3 c4 24. b4 Na4 25. d4 Nxc3 26. Rxc3 Bxb4 27. Rcc1 Bxe1 28. Qxe1 b4 29. Nd2 b3 30. axb3 a2 31. bxc4 Qa3 32. Ra1 dxc4 33. Ne4 Bxe4 34. Qxe4+ Kh8 35. Qc2 Rcb8 36. Nf1 Qb2 37. Qd1 Qxa1 0-1

[Event "29. Klatovy A 2023"]
[Site "Klatovy"]
[Date "2023.07.03"]
[Round "3.8"]
[White "Flajsman, Pavel"]
[Black "Hladky, Tadeas"]
[Result "1/2-1/2"]
[ECO "A11"]
[WhiteElo "2192"]
[BlackElo "2046"]
[PlyCount "107"]
[EventDate "2023.07.01"]
[EventType "swiss"]
[EventRounds "9"]
[EventCountry "CZE"]
[TimeControl "120+30"]

1. Nf3 d5 2. c4 c6 3. g3 Nf6 4. Bg2 Bf5 5. O-O e6 6. cxd5 cxd5 7. Qb3 Qb6 8. Qxb6 axb6 9. Nc3 Nc6 10. d3 Be7 11. Nb5 O-O 12. a3 h6 13. Be3 Nd7 14. Rac1 Bh7 15. b4 Rac8 16. Nd2 Rfd8 17. Nb3 Nce5 18. Rfd1 Rc6 19. Na7 Rxc1 20. Rxc1 Ra8 21. Rc8+ Rxc8 22. Nxc8 Bd8 23. Nd6 Ng4 24. Bd2 Bc7 25. Nxb7 Kf8 26. a4 Ke8 27. a5 Nb8 28. h3 Nf6 29. Be3 bxa5 30. bxa5 Kd7 31. N7c5+ Kc6 32. Bd2 Nfd7 33. Nxd7 Nxd7 34. Bf1 Kb5 35. Nd4+ Ka6 36. Nb3 Kb5 37. Bc3 g5 38. Nd4+ Ka6 39. Nb3 Kb5 40. e3 Ka4 41. Nc1 Bxa5 42. Bg7 h5 43. d4 Bd8 44. Bd3 Bxd3 45. Nxd3 Kb5 46. g4 hxg4 47. hxg4 Kc4 48. Ne5+ Nxe5 49. Bxe5 Kd3 50. Kf1 Kd2 51. Bd6 Bf6 52. Bb4+ Kd3 53. Bd6 Kd2 54. Bb4+ 1/2-1/2

[Event "29. Klatovy A 2023"]
[Site "Klatovy"]
[Date "2023.07.03"]
[Round "3.9"]
[White "Janous, Marek"]
[Black "Honcharov, Makar"]
[Result "1-0"]
[ECO "A45"]
[WhiteElo "2185"]
[BlackElo "1696"]
[PlyCount "49"]
[EventDate "2023.07.01"]
[EventType "swiss"]
[EventRounds "9"]
[EventCountry "CZE"]
[TimeControl "120+30"]

1. d4 Nf6 2. g4 Nxg4 3. e4 d5 4. Be2 Nf6 5. e5 Nfd7 6. Nf3 e6 7. Bg5 Be7 8. Rg1 f6 9. Be3 O-O 10. Nc3 Kh8 11. Qd2 c5 12. exf6 Bxf6 13. O-O-O c4 14. Ng5 Nb6 15. Bh5 Qe7 16. Qe2 Qc7 17. Qf3 Nc6 18. Bg6 h6 19. Nh7 Bd7 20. Nxf8 Rxf8 21. Qh5 Nxd4 22. Bxh6 Ne2+ 23. Kb1 Nxc3+ 24. Ka1 Rf7 25. Bxf7 1-0

[Event "29. Klatovy A 2023"]
[Site "Klatovy"]
[Date "2023.07.03"]
[Round "3.10"]
[White "Kupsa, Matej 2001"]
[Black "Topencik, Bruno"]
[Result "1-0"]
[ECO "A01"]
[WhiteElo "2145"]
[BlackElo "1780"]
[PlyCount "79"]
[EventDate "2023.07.01"]
[EventType "swiss"]
[EventRounds "9"]
[EventCountry "CZE"]
[TimeControl "120+30"]

1. b3 e5 2. Bb2 Nc6 3. e3 g6 4. f4 Bg7 5. Nf3 d6 6. Bb5 Qe7 7. fxe5 dxe5 8. Bxc6+ bxc6 9. Qe2 Nh6 10. e4 O-O 11. Ba3 c5 12. Qc4 Be6 13. Qxc5 Qxc5 14. Bxc5 Rfd8 15. d3 f6 16. Nbd2 Nf7 17. Nc4 Nd6 18. Bxd6 cxd6 19. Ne3 h6 20. c4 f5 21. Nd5 Rd7 22. h4 Rc8 23. Kd2 Kf7 24. Rab1 Bxd5 25. cxd5 Rdc7 26. Rbc1 Rxc1 27. Rxc1 Rxc1 28. Kxc1 fxe4 29. dxe4 Ke7 30. Kc2 Kd7 31. Kd3 Kc7 32. Kc4 Kb6 33. h5 gxh5 34. Nh4 Bf8 35. Nf5 Ka6 36. b4 Kb6 37. a4 Ka6 38. Kd3 Kb6 39. Ke3 a5 40. b5 1-0

[Event "29. Klatovy A 2023"]
[Site "Klatovy"]
[Date "2023.07.03"]
[Round "3.11"]
[White "Stary, Lukas"]
[Black "Kopta, Pavel"]
[Result "1/2-1/2"]
[ECO "B07"]
[WhiteElo "1921"]
[BlackElo "2209"]
[PlyCount "55"]
[EventDate "2023.07.01"]
[EventType "swiss"]
[EventRounds "9"]
[EventCountry "CZE"]
[TimeControl "120+30"]

1. d4 Nf6 2. Bf4 g6 3. Nc3 d6 4. e4 Bg7 5. Qd2 c6 6. Bh6 Bxh6 7. Qxh6 Qa5 8. f3 b5 9. Qd2 Nbd7 10. Nh3 Nb6 11. Nf2 Rb8 12. b3 Nbd7 13. Bd3 O-O 14. Ne2 Qxd2+ 15. Kxd2 e5 16. a4 b4 17. f4 exf4 18. Nxf4 c5 19. d5 Ne5 20. Nd1 Re8 21. Re1 g5 22. Ne2 h5 23. Ng1 Kg7 24. Nf3 Kh6 25. Nxe5 Rxe5 26. Nb2 Re7 27. Nc4 Rd7 28. Rf1 1/2-1/2

[Event "29. Klatovy A 2023"]
[Site "Klatovy"]
[Date "2023.07.03"]
[Round "3.12"]
[White "Novak, Vaclav2"]
[Black "Skypala, Ondrej"]
[Result "0-1"]
[ECO "B33"]
[WhiteElo "1948"]
[BlackElo "2163"]
[PlyCount "72"]
[EventDate "2023.07.01"]
[EventType "swiss"]
[EventRounds "9"]
[EventCountry "CZE"]
[TimeControl "120+30"]

1. e4 c5 2. Nf3 Nc6 3. d4 cxd4 4. Nxd4 Nf6 5. Nc3 e5 6. Ndb5 d6 7. Bg5 a6 8. Bxf6 gxf6 9. Na3 b5 10. Nd5 f5 11. Bd3 Bg7 12. f3 O-O 13. O-O Be6 14. c4 bxc4 15. Bxc4 Rb8 16. Rb1 Kh8 17. Kh1 fxe4 18. fxe4 Qh4 19. Nc3 Nd4 20. Qd3 Bh6 21. b3 Rg8 22. g3 Qh3 23. Bxe6 fxe6 24. Rf2 Rbf8 25. Rbf1 Rxf2 26. Rxf2 Bf4 27. Rg2 Rxg3 28. Rxg3 Bxg3 29. Qxg3 Qf1+ 30. Qg1 Qf3+ 31. Qg2 Qxc3 32. Qf2 Qf3+ 33. Qxf3 Nxf3 34. Nc4 d5 35. Kg2 Nh4+ 36. Kg3 dxc4 0-1

[Event "29. Klatovy A 2023"]
[Site "Klatovy"]
[Date "2023.07.03"]
[Round "3.13"]
[White "Lhotsky, Zdenek"]
[Black "Jordanov, Mihail"]
[Result "0-1"]
[ECO "C86"]
[WhiteElo "1840"]
[BlackElo "2140"]
[PlyCount "64"]
[EventDate "2023.07.01"]
[EventType "swiss"]
[EventRounds "9"]
[EventCountry "CZE"]
[TimeControl "120+30"]

1. e4 e5 2. Nf3 Nc6 3. Bb5 a6 4. Ba4 Nf6 5. Qe2 b5 6. Bb3 Be7 7. c3 O-O 8. O-O d6 9. Rd1 Na5 10. Bc2 c5 11. d4 Qc7 12. d5 Bd7 13. b3 Ne8 14. a4 b4 15. Bd2 bxc3 16. Bxc3 g6 17. Na3 Ng7 18. Qd2 Nb7 19. Nc4 Qd8 20. Qh6 f5 21. h4 fxe4 22. Bxe4 Nf5 23. Bxf5 Rxf5 24. Nfxe5 dxe5 25. g4 Rf3 26. Bxe5 Bf8 27. Qd2 Qxh4 28. Ne3 Re8 29. Bg3 Rxg3+ 30. fxg3 Qxg3+ 31. Ng2 Bg7 32. Rac1 Bd4+ 0-1

[Event "29. Klatovy A 2023"]
[Site "Klatovy"]
[Date "2023.07.03"]
[Round "3.14"]
[White "Folk, Petr"]
[Black "Polak, Michal 2002"]
[Result "0-1"]
[ECO "C56"]
[WhiteElo "2135"]
[BlackElo "1959"]
[PlyCount "86"]
[EventDate "2023.07.01"]
[EventType "swiss"]
[EventRounds "9"]
[EventCountry "CZE"]
[TimeControl "120+30"]

1. e4 e5 2. Nf3 Nc6 3. d4 exd4 4. Bc4 Nf6 5. e5 d5 6. Bb5 Ne4 7. Nxd4 Bd7 8. Bxc6 bxc6 9. O-O Bc5 10. f3 Ng5 11. f4 Ne4 12. Be3 O-O 13. Nd2 Nxd2 14. Qxd2 Qe7 15. Nb3 Bb6 16. Qc3 f6 17. Bc5 fxe5 18. fxe5 Rxf1+ 19. Rxf1 Rf8 20. Rxf8+ Qxf8 21. Qd4 Qf5 22. Qf2 Kf7 23. a4 Qxf2+ 24. Kxf2 a5 25. Ke3 Ke6 26. Kd4 Be8 27. Nd2 Bg6 28. c3 Bc2 29. Nf3 h6 30. Ne1 Bxa4 31. b4 Bb5 32. bxa5 Bxa5 33. Nd3 Bxd3 34. Kxd3 Bb6 35. Bf8 Kf7 36. Ba3 Bg1 37. h3 c5 38. Bc1 Ke6 39. Bf4 c4+ 40. Ke2 Bb6 41. Kf3 c6 42. h4 h5 43. g4 g6 0-1